 Dungeon Crawl Stone Soup version 0.31-a0-1620-gcbf77bbcfc (webtiles) character file.

Game seed: 12549763439216258151

589 Laraso the Slasher (level 7, 40/57 HPs)
             Began as a Yellow Draconian Monk on Jan 11, 2024.
             Quit the game on level 4 of the Dungeon.
             The game lasted 00:04:02 (2855 turns).

Laraso the Slasher (Yellow Draconian Monk)          Turns: 2855, Time: 00:04:02

Health: 40/57      AC:  7    Str: 14    XL:     7   Next: 15%
Magic:  7/7        EV: 13    Int: 10    God:
Gold:   131        SH:  0    Dex: 21    Spells: 6/6 levels left

rFire   + . .        a - +0 falchion
rCold   . . .        c - orb {light}
rNeg    . . .        (body armour unavailable)
rPois   .            (helmet restricted)
rElec   .            (no cloak)
rCorr   +            l - +0 pair of gloves
SInv    .            (no boots)
Will    .....        (no amulet)
Stlth   +            q - ring of protection from fire
HPRegen 0.29/turn    j - +6 ring of dexterity
MPRegen 0.10/turn

%: no passive effects
@: hasted, glowing, very quick
A: spit acid, AC +6, unfitting armour, cold-blooded, acid resistance
a: Breathe Acid


You were on level 4 of the Dungeon.
You visited 1 branch of the dungeon, and saw 4 of its levels.

You collected 131 gold pieces.

Inventory:

Hand Weapons
 a - a +0 falchion (weapon)
Missiles
 k - 2 javelins
 p - 5 poisoned darts
 s - 2 atropa-tipped darts (quivered)
Armour
 c - an orb of light (worn)
 l - a +0 pair of gloves (worn)
Jewellery
 j - a +6 ring of dexterity (right hand)
 q - a ring of protection from fire (left hand)
Scrolls
 d - a scroll of brand weapon {unknown}
 g - 4 scrolls of immolation
 h - 2 scrolls of teleportation {unknown}
 i - a scroll of noise {unknown}
 o - a scroll of fog {unknown}
Potions
 b - a potion of ambrosia
 f - 4 potions of curing
 m - a potion of enlightenment {unknown}
 n - a potion of degeneration {unknown}
 r - a potion of might {unknown}


   Skills:
 - Level 3.2 Fighting
 * Level 7.5 Long Blades
 - Level 3.0 Throwing
 - Level 2.6 Dodging


You had 6 spell levels left.
You didn't know any spells.
Your spell library was empty.

Dungeon Overview and Level Annotations

Branches:
Dungeon (4/15)
 Temple: D:4-7

Altars:
Fedhas
Hepliaklqana

Annotations:
D:4 Ijyb


Innate Abilities, Weirdness & Mutations

You can spit globs of acid.
Your golden yellow scales are hard. (AC +6)
You cannot fit into any form of body armour.
You are cold-blooded and may be slowed by cold attacks.
You are resistant to acid. (rCorr)


Message History

Eustachio is no longer blind.
Eustachio hits you with a +0 falchion.
You hit Eustachio but do no damage. You tail-slap Eustachio.
Eustachio is heavily wounded.
Eustachio hits you with a +0 falchion.
You barely miss Eustachio.
Eustachio is heavily wounded.
Okay, then.
Throw: 3 darts (atropa)
Press: ? - help, Q - select action, (/) - cycle Shift-Dir - straight line, f/p - Eustachio
Aim: Eustachio, wielding a +0 falchion and wearing a +0 leather armour (heavily wounded, haloed, 69% to hit, chance to blind on hit: 67%)
You throw an atropa-tipped dart. The atropa-tipped dart hits Eustachio!
Eustachio resists.
Eustachio is heavily wounded.
Eustachio hits you with a +0 falchion!
Unknown command.
You hit Eustachio.
Eustachio is severely wounded.
Eustachio barely misses you.
You barely miss Eustachio.
Eustachio is severely wounded.
You closely miss Eustachio. You tail-slap Eustachio.
Eustachio is almost dead.
Ijyb the Twisted Goblin comes into view.
She is wielding a +0 dagger and carrying a wand of paralysis.
Eustachio mumbles some strange words.
You slash Eustachio!
You kill Eustachio!
The iron imp disappears in a puff of smoke!
The crimson imp disappears in a puff of smoke!
The river rat disappears in a puff of smoke!
Your Long Blades skill increases to level 7!
You have reached level 7!
Your scales start taking on a golden yellow colour.
You can spit globs of acid.
You feel resistant to acid.
Okay, then.
Throw: 2 darts (atropa)
Press: ? - help, Q - select action, (/) - cycle Shift-Dir - straight line, f - Ijyb
Aim: Ijyb, wielding a +0 dagger, wearing a +0 ring mail and carrying a wand of paralysis (haloed, 76% to hit, chance to blind on hit: 83%)
Okay, then.
Are you sure you want to abandon this character and quit the game? (Confirm with "yes".)

#.#..........#
#.#.########.#
#.#.# #.#.#
#.#.# #.#.#
#)#.# #.#.#
#@#.#
#)#.####.#.#
#§§.........
##g§.###.#.
#...# ###.#
#.#
#.........#
#######.#.#


You could see Ijyb.

Vanquished Creatures
  Eustachio (D:4)
  Menkaure (D:4)
  A water moccasin skeleton (D:3)
  A centaur zombie (D:3)
  A hound (D:4)
  A sleepcap (D:3)
  An iguana (D:4)
  2 orc wizards (D:4)
  A howler monkey skeleton (D:3)
  2 adders (D:2)
  An adder zombie (D:3)
  A dart slug (D:2)
  A ribbon worm (D:3)
  10 orcs (D:4)
  3 ball pythons
  3 bats
  5 endoplasms
  2 giant cockroaches
  5 goblins
  9 hobgoblins
  7 jackals
  5 quokkas
  A ball python skeleton (D:3)
  3 frilled lizards
  3 kobolds
  2 rats (D:3)
73 creatures vanquished.

Notes
Turn   | Place    | Note
-------+----------+-------------------------------------------
     0 | D:1      | Laraso the Draconian Monk began the quest for the Orb.
     0 | D:1      | Reached XP level 1. HP: 19/19 MP: 1/1
     2 | D:1      | Noticed a felid
     4 | D:1      | Noticed a djinni
     4 | D:1      | Noticed a merfolk
     6 | D:1      | Noticed an elf
     6 | D:1      | Noticed a vampire
     8 | D:1      | Noticed a barachi
    10 | D:1      | Noticed a demigod
    10 | D:1      | Noticed a ghoul
    12 | D:1      | Noticed a troll
    14 | D:1      | Noticed an armataur
    14 | D:1      | Noticed a naga
    16 | D:1      | Noticed an oni
    16 | D:1      | Noticed a human
    18 | D:1      | Noticed a formicid
    18 | D:1      | Noticed a spriggan
    20 | D:1      | Noticed a minotaur
    22 | D:1      | Noticed a gargoyle
    22 | D:1      | Noticed a tengu
    24 | D:1      | Noticed a demonspawn
    24 | D:1      | Noticed a vine stalker
    26 | D:1      | Noticed a draconian
    26 | D:1      | Noticed an octopode
   324 | D:1      | Reached XP level 2. HP: 26/26 MP: 2/2
  1142 | D:2      | Reached skill level 4 in Long Blades
  1169 | D:2      | Reached XP level 3. HP: 31/31 MP: 3/3
  2034 | D:3      | Found a hazy altar of Hepliaklqana.
  2034 | D:3      | Found a blossoming altar of Fedhas.
  2091 | D:3      | Reached skill level 5 in Long Blades
  2091 | D:3      | Reached XP level 4. HP: 36/38 MP: 4/4
  2175 | D:3      | Reached skill level 1 in Throwing
  2210 | D:3      | Reached XP level 5. HP: 38/45 MP: 5/5
  2689 | D:4      | Reached XP level 6. HP: 40/51 MP: 6/6
  2768 | D:4      | Reached skill level 6 in Long Blades
  2828 | D:4      | Noticed Menkaure
  2829 | D:4      | Noticed Eustachio
  2840 | D:4      | Killed Menkaure
  2853 | D:4      | Noticed Ijyb
  2854 | D:4      | Killed Eustachio
  2855 | D:4      | Reached skill level 7 in Long Blades
  2855 | D:4      | Your scales start taking on a golden yellow colour.
  2855 | D:4      | Reached XP level 7. HP: 40/57 MP: 7/7
  2855 | D:4      | Gained mutation: You are resistant to acid. (rCorr) [Yellow
                  | Draconian growth]
  2855 | D:4      | Quit the game

Illustrated notes

Levels and vault maps discovered:
D:1:      kb_arrival_jail, layout_basic, minmay_misc_feat_columns,
          kennysheep_pointless_box
D:2:      layout_loops_corners, serial_bayou_crossing
D:3:      layout_rooms, gammafunk_temple_overflow_pools, serial_undead,
          serial_undead_d, serial_undead_c, serial_undead_e, serial_undead_d
D:4:      layout_loops_ring, uniq_menkaure, uniq_ijyb, uniq_eustachio

Skill      XL: |  1  2  3  4  5  6 |
---------------+-------------------+-----
Long Blades    | 4 5 7 |  7.5
Throwing       | 2 3 |  3.0
Fighting       | |  3.2
Dodging        | |  2.6

Action                     |  1- 3 |  4- 6 |  7- 9 || total
---------------------------+-------+-------+-------++-------
  Melee: Falchion          |    79 |   118 |       ||   197
         Tailslap          |    11 |    16 |       ||    27
  Throw: Javelin           |       |     2 |       ||     2
         Dart              |       |     4 |       ||     4
    Use: Scroll            |     2 |       |       ||     2
         Potion            |       |     1 |       ||     1
   Stab: Invisible         |       |     2 |       ||     2
         Sleeping          |       |     1 |       ||     1
 Armour: Skin              |    28 |    43 |       ||    71
  Dodge: Dodged            |    34 |    69 |       ||   103

Table legend: (Time is in decaauts)
 A = Elapsed time spent in this place.
 B = Non-inter-level travel time spent in this place.
 C = Inter-level travel time spent in this place.
 D = Time resting spent in this place.
 E = Time spent auto-exploring this place.
 F = Levels seen in this place.
 G = Mean time per level.
                   A        B        C        D        E       F      G
               +--------+--------+--------+--------+--------+-----+--------+
         Total |   2871 |   2766 |    105 |     26 |   2232 |   4 |  717.8 |
       Dungeon |   2871 |   2766 |    105 |     26 |   2232 |   4 |  717.8 |
               +--------+--------+--------+--------+--------+-----+--------+

Top non-repeatable levels by time:
     D:1: 1060 daAuts
     D:2: 930 daAuts
     D:3: 617 daAuts
     D:4: 263 daAuts
